 Dungeon Crawl Stone Soup version 0.18.1-50-g88ac8fd (webtiles) character file.

98 Amnesiac the Cutter (level 4, 0/24 HPs)
             Began as a Deep Elf Fighter on Mar 2, 2018.
             Slain by an orc
             ... wielding a +0 flail
              (2 damage)
             ... on level 3 of the Dungeon.
             The game lasted 00:02:30 (2161 turns).

Amnesiac the Cutter (Deep Elf Fighter)              Turns: 2161, Time: 00:02:31

Health: 0/24       AC: 12    Str: 19    XL:     4   Next: 44%
Magic:  6/6        EV:  3    Int: 13    God:
Gold:   99         SH:  8    Dex: 12    Spells: 0 memorised, 3 levels left

rFire  . . .     SeeInvis .     a - +1 dagger (freeze)
rCold  . . .     Gourm    .     o - +0 plate armour
rNeg   . . .     Faith    .     c - +0 shield
rPois  .         Spirit   .     (helmet restricted)
rElec  .         Dismiss  .     (no cloak)
rCorr  .         Reflect  .     j - +0 pair of gloves
SustAt .         Harm     .     (no boots)
MR     .....                    (no amulet)
Stlth  ..........               (no ring)
                                (no ring)

@: mighty, lethally poisoned (0 -> -4), flying, very slightly contaminated,
hasted, very quick, not resistant to hostile enchantments, extremely unstealthy
A: antennae 1, clumsy 1, frail 1
a: no special abilities


You were on level 3 of the Dungeon.
You were not hungry.

You visited 1 branch of the dungeon, and saw 3 of its levels.

You collected 99 gold pieces.

Inventory:

Hand Weapons
 a - a +1 dagger of freezing (weapon)
Missiles
 u - 19 poisoned needles
Armour
 c - a +0 shield (worn)
 j - a +0 pair of gloves (worn)
 o - a +0 plate armour (worn)
 q - a +2 leather armour of positive energy
Scrolls
 e - a scroll of recharging {!r, unknown}
 g - 4 scrolls of random uselessness {!r, unknown}
 i - 2 scrolls of magic mapping {!r, unknown}
 l - a scroll of teleportation {!r, unknown}
 n - a scroll of remove curse {!r, unknown}
 p - 2 scrolls of identify {!r, unknown}
 r - a scroll of fear {!r, unknown}
Potions
 d - a potion of might {!q}
Comestibles
 b - 5 fruits
 f - 4 bread rations
 s - a meat ration
 t - a chunk of flesh


   Skills:
 + Level 2.4 Fighting
 - Level 4.7 Short Blades
 - Level 2.4 Armour
 - Level 2.4 Shields


You had 3 spell levels left.
You didn't know any spells.

Dungeon Overview and Level Annotations

Branches:
Dungeon (3/15)

Altars:
Ru
Trog


Innate Abilities, Weirdness & Mutations

You have a pair of small antennae on your head.
You are clumsy. (Dex -2)
You are frail (-10% HP).


Message History

You feel sick.
You feel sick. The orc hits you but does no damage.
You feel sick. You block the orc's attack.
You feel sick.
An adder comes into view.
You feel sick.
A quokka comes into view.
You feel sick. The adder bites you but does no damage.
You block the adder's attack.
You feel sick.
There is a stone staircase leading up here.
You feel sick. The orc hits you but does no damage.
You are lethally poisoned!
You climb upwards.
* * * LOW HITPOINT WARNING * * *
You feel sick.
There is a stone staircase leading down here.
Drink which item? (? for menu, Esc to quit)
Okay, then.
* * * LOW HITPOINT WARNING * * *
You feel sick.
* * * LOW HITPOINT WARNING * * *
You feel sick.
* * * LOW HITPOINT WARNING * * *
You feel sick.
Drink which item? (? for menu, Esc to quit)
Really quaff
d - 2 potions of might {!q}?
You feel very mighty all of a sudden.
* * * LOW HITPOINT WARNING * * *
You feel sick. You block the orc's attack.
You puncture the orc! You freeze the orc.
You kill the orc!
* * * LOW HITPOINT WARNING * * *
You feel sick.
Things that are here:
a whip of venom; an orc corpse You hit the kobold.
You freeze the kobold.
You kill the kobold!
* * * LOW HITPOINT WARNING * * *
You feel sick.
You see here a dagger.
Drink which item? (? for menu, Esc to quit)
Really quaff
h - a glowing silvery potion {!q}?
It was a potion of flight {!q}.
You feel very buoyant.
You fly up into the air.
* * * LOW HITPOINT WARNING * * *
You feel sick.
Drink which item? (? for menu, Esc to quit)
Really quaff
k - a sedimented green potion {!q}?
It was a potion of mutation {!q}.
You feel extremely strange. A pair of antennae grows on your head!
You feel frail.
You feel clumsy.
* * * LOW HITPOINT WARNING * * *
You feel sick.
Drink which item? (? for menu, Esc to quit)
Really quaff
m - a fizzy inky potion {!q}?
It was a potion of haste {!q}.
You feel yourself speed up.
You are very lightly contaminated with residual magic.
There is a stone staircase leading down here.
* * * LOW HITPOINT WARNING * * *
You feel sick.
You fly downwards.
The orc hits you with a flail.
You die...

.... .#<#.##..### #..#
##.#.#.#..... # #..#
#....#.#.#.######
.###.###..###..###.#l.......#.
...$...............o..........
...#...#..#....#.o.###..%##.#
###.####.#.##.#.....#.# ...
...#.##S#.##### ..
##...##.#..o@r.# #.. +...
########## .. #.<. . #..o.


You could see an adder, 2 orcs and a quokka.

Vanquished Creatures
  5 adders
  An ooze (D:1)
  A dart slug (D:2)
  A giant gecko (D:1)
  An orc (D:2)
  A ball python (D:2)
  4 goblins
  4 hobgoblins
  6 jackals
  8 kobolds
  6 bats
  4 giant newts
  A rat (D:1)
43 creatures vanquished.

Notes
Turn   | Place    | Note
--------------------------------------------------------------
     0 | D:1      | Amnesiac the Deep Elf Fighter began the quest for the Orb.
     0 | D:1      | Reached XP level 1. HP: 13/13 MP: 3/3
   221 | D:1      | Found a sacrificial altar of Ru.
   322 | D:1      | Reached XP level 2. HP: 8/18 MP: 4/4
   637 | D:1      | Reached skill level 3 in Short Blades
  1003 | D:1      | Reached XP level 3. HP: 15/22 MP: 5/5
  1153 | D:2      | Found a faded altar to an unknown god.
  1281 | D:2      | Reached skill level 4 in Short Blades
  1578 | D:2      | Reached XP level 4. HP: 27/27 MP: 6/6
  1951 | D:2      | Found a bloodstained altar of Trog.
  2157 | D:2      | Gained mutation: You have a pair of small antennae on your head. [potion of mutation]
  2157 | D:2      | Gained mutation: You are frail (-10% HP). [potion of mutation]
  2157 | D:2      | Gained mutation: You are clumsy. (Dex -2) [potion of mutation]
  2161 | D:3      | Slain by an orc

Skill      XL: |  1  2  3 |
---------------+----------+-----
Short Blades   | 3 4 |  4.7
Fighting       | |  2.4
Armour         | |  2.4
Shields        | |  2.4

Action                   |  1- 3 |  4- 6 || total
-------------------------+-------+-------++-------
Melee: Rapier            |    76 |       ||    76
       Dagger            |    73 |    50 ||   123
  Use: Potion            |     1 |     4 ||     5
  Eat: Chunk             |     2 |     2 ||     4
Armor: Scale mail        |    65 |       ||    65
       Plate armour      |    10 |    33 ||    43
Dodge: Dodged            |    37 |     4 ||    41
Block: Shield            |    62 |    13 ||    75
